 Dungeon Sprint DCSS version 0.31.0-32-g396128a36d (webtiles) character file.

Game seed: 11966093435324811883

162 Heoruswealwe the Spear-Bearer (level 5, -3/52 HPs)
             Began as a Minotaur Fighter on Apr 19, 2024.
             Was an Initiate of Gozag.
             Slain by an orc warrior
             ... wielding a +0 war axe
              (6 damage)
             ... in the Dungeon (Sprint IX: "|||||||||||||||||||||||||||||").
             The game lasted 00:01:02 (104 turns).

Heoruswealwe the Spear-Bearer (Minotaur Fighter)     Turns: 104, Time: 00:01:02

Health: -3/52      AC:  7    Str: 22    XL:     5   Next: 19%
Magic:  4/4        EV:  9    Int:  5    God:    Gozag
Gold:   0          SH:  4    Dex: 10    Spells: 4/4 levels left

rFire   . . .        a - +0 trident
rCold   . . .        d - +0 buckler
rNeg    . . .        c - +0 scale mail
rPois   .            (helmet restricted)
rElec   .            (no cloak)
rCorr   .            (no gloves)
SInv    .            (no boots)
Will    .....        (no amulet) Stlth
                     (no ring)
HPRegen 0.28/turn    (no ring)
MPRegen 0.09/turn

%: no teleportation
@: no status effects
A: horns 2, retaliatory headbutt
a: Renounce Religion, Potion Petition, Call Merchant, Bribe Branch


You were in the Dungeon.
You worshipped Gozag.
Gozag was noncommittal.
You visited 1 branch

Inventory:

Hand Weapons
 a - a +0 trident (weapon)
Armour
 c - a +0 scale mail (worn)
 d - a +0 buckler (worn)
Jewellery
 k - a +2 ring of protection
 l - a +3 ring of dexterity
Wands
 h - a wand of iceblast (10)
Scrolls
 j - 2 scrolls of blinking
Potions
 b - a potion of might
 e - 5 potions of curing
 f - 2 potions of heal wounds
 g - a potion of haste
 i - a potion of berserk rage


   Skills:
 + Level 7.3 Fighting
 * Level 9.3 Polearms
 + Level 7.3 Armour
 - Level 3.6 Shields


You had 4 spell levels left.
You didn't know any spells.
Your spell library was empty.

Dungeon Overview and Level Annotations

Branches:
Dungeon (1/1)

Altars:
Cheibriados
Dithmenos
Elyvilon
Fedhas
Gozag
Hepliaklqana
Kikubaaqudgha
Makhleb
Nemelex Xobeh
Okawaru
Qazlal
Ru
Sif Muna
Trog
Uskayaw
Vehumet
Wu Jian
Xom
Yredelemnul
Zin
The Shining One
Jiyva
Lugonu


Innate Abilities, Weirdness & Mutations

You have a pair of horns on your head.
You reflexively headbutt those who attack you in melee.


Message History

There is an open door here.
Found a +2 ring of protection.
f - 2 potions of heal wounds;
e - 5 potions of curing (gained 4)
Things that are here:
2 potions of magic; a potion of invisibility You drop 2 potions of magic.
Found a +3 ring of dexterity.
j - 2 scrolls of blinking (gained 1)
You see here 2 scrolls of amnesia.
h - a wand of iceblast (10)
Items here: )))))).
Okay, then.
You see here a +0 helmet.
You see here a +0 pair of gloves.
You see here a +0 plate armour.
k - a +2 ring of protection
l - a +3 ring of dexterity As you open the door, it creaks loudly!
An orc warrior, a wyvern, a centaur and 3 yaks come into view.
The orc warrior shouts!
The yak bellows!
The centaur shouts!
The yak bellows!
You puncture the orc warrior!
The orc warrior is moderately wounded.
The orc warrior hits you with a +0 war axe!
You barely miss the orc warrior. You headbutt the orc warrior!
The orc warrior is severely wounded.
The orc warrior hits you with a +0 war axe!
You closely miss the orc warrior.
The orc warrior is severely wounded.
The orc warrior hits you with a +0 war axe!
The yak snorts and paws the ground.
You hit the orc warrior but do no damage.
You headbutt the orc warrior.
The orc warrior is severely wounded.
The orc warrior hits you with a +0 war axe!!
* * * LOW HITPOINT WARNING * * *
You barely miss the orc warrior.
The orc warrior is severely wounded.
The orc warrior hits you with a +0 war axe.
You die...
Your body crumbles into a pile of gold.

▓!▓
▓?▓
▓)▓
▓.▓
▓[▓
▓[▓
▓[▓
▓.▓
▓@▓
▓o▓
▓Y▓
▓k▓
▓Y▓
▓Y▓
▓c▓
▓.▓


You could see 3 yaks, an orc warrior, a wyvern and a centaur.

Vanquished Creatures
  An ice beast (D)
  A bombardier beetle (D)
  An iguana (D)
  An ufetubus (D)
  A dart slug (D)
  A ball python (D)
  An endoplasm (D)
  A goblin (D)
  2 rats (D)
10 creatures vanquished.

Notes
Turn   | Place    | Note
-------+----------+-------------------------------------------
     0 | D        | Heoruswealwe the Minotaur Fighter began the quest for the
                  | Orb.
     0 | D        | Reached XP level 1. HP: 19/19 MP: 0/0
     6 | D        | Reached skill level 3 in Polearms
    22 | D        | Noticed an iguana
    22 | D        | Noticed a bombardier beetle
    22 | D        | Noticed an ice beast
    23 | D        | Killed an iguana
    24 | D        | Reached skill level 5 in Fighting
    24 | D        | Reached skill level 5 in Polearms
    24 | D        | Reached skill level 5 in Armour
    24 | D        | Reached XP level 2. HP: 29/29 MP: 1/1
    24 | D        | Reached XP level 3. HP: 36/36 MP: 2/2
    29 | D        | Reached skill level 6 in Polearms
    37 | D        | Reached skill level 7 in Polearms
    37 | D        | Reached XP level 4. HP: 18/44 MP: 3/3
    42 | D        | Killed an ice beast
    43 | D        | Reached skill level 9 in Polearms
    43 | D        | Reached XP level 5. HP: 30/52 MP: 4/4
    53 | D        | Found a snail-covered altar of Cheibriados.
    53 | D        | Found a shadowy altar of Dithmenos.
    53 | D        | Found a white marble altar of Elyvilon.
    53 | D        | Found a blossoming altar of Fedhas.
    53 | D        | Found an opulent altar of Gozag.
    54 | D        | Found a hazy altar of Hepliaklqana.
    55 | D        | Found a viscous altar of Jiyva.
    56 | D        | Found an ancient bone altar of Kikubaaqudgha.
    57 | D        | Found a corrupted altar of Lugonu.
    58 | D        | Found a burning altar of Makhleb.
    59 | D        | Found a sparkling altar of Nemelex Xobeh.
    60 | D        | Found an iron altar of Okawaru.
    61 | D        | Found a stormy altar of Qazlal.
    63 | D        | Became a worshipper of Gozag Ym Sagoz the Greedy
    65 | D        | Found a sacrificial altar of Ru.
    66 | D        | Found a shimmering blue altar of Sif Muna.
    67 | D        | Found a bloodstained altar of Trog.
    68 | D        | Found a hide-covered altar of Uskayaw.
    69 | D        | Found a radiant altar of Vehumet.
    70 | D        | Found an ornate altar of the Wu Jian Council.
    71 | D        | Found a shimmering altar of Xom.
    72 | D        | Found a basalt altar of Yredelemnul.
    73 | D        | Found a glowing silver altar of Zin.
    74 | D        | Found a glowing golden altar of the Shining One.
    99 | D        | Noticed an orc warrior
    99 | D        | Noticed a yak
    99 | D        | Noticed a wyvern
    99 | D        | Noticed a yak
    99 | D        | Noticed a centaur
    99 | D        | Noticed a yak
   104 | D        | Slain by an orc warrior

Illustrated notes

Levels and vault maps discovered:
D:        linesprint [early_d, line_temple, items_1, d_10, items_2, lair_1,
          lair_end, items_3, orc_1, orc_end, items_4, d_15, swamp_1, shoals_1,
          snake_1, spider_1, d_20, vaults_1, items_5, swamp_end, shoals_end,
          snake_end, spider_end, vaults_end, d_27, items_6, zot_1, zot_end,
          crypt_end, forest_end, elf_end, slime_end, tomb_end, abyss_end,
          pan_hell_end]

Skill      XL: |  1  2  3  4 |
---------------+-------------+-----
Polearms       | 5 7 9 |  9.3
Fighting       | 5 7 |  7.3
Armour         | 5 7 |  7.3
Shields        | |  3.6

Action                     |  1- 3 |  4- 6 || total
---------------------------+-------+-------++-------
  Melee: Trident           |    21 |    11 ||    32
         Headbutt          |     4 |     2 ||     6
    Use: Potion            |       |     1 ||     1
 Armour: Scale mail        |    16 |     7 ||    23
  Dodge: Dodged            |     6 |     4 ||    10
  Block: Buckler           |     6 |       ||     6
